 Dungeon Crawl Stone Soup version 0.30-a0-743-gbfdf073431 (webtiles) character file.

Game seed: 12395314139463978808

16 boo the Twirler (level 2, 0/17 HPs)
             Began as a Tengu Gladiator on Feb 7, 2023.
             Slain by a worm (5 damage)
             ... on level 2 of the Dungeon.
             The game lasted 00:02:25 (804 turns).

boo the Twirler (Tengu Gladiator)                    Turns: 804, Time: 00:02:25

Health: 0/17       AC:  3    Str: 14    XL:     2   Next: 58%
Magic:  3/3        EV: 13    Int:  8    God:
Gold:   86         SH:  0    Dex: 15    Spells: 1/1 levels left

rFire   . . .      SeeInvis .    a - +0 quarterstaff
rCold   . . .      Faith    .    (shield currently unavailable)
rNeg    . . .      Spirit   .    b - +0 leather armour
rPois   .          Reflect  .    c - +0 hat
rElec   .          Harm     .    (no cloak)
rCorr   .          Rampage  .    (no gloves)
Will    .....                    (boots unavailable)
Stlth   +                        (no amulet)
HPRegen 0.22/turn                (no ring)
MPRegen 0.08/turn                (no ring)

@: no status effects
A: beak, talons 3
a: no special abilities


You were on level 2 of the Dungeon.
You visited 1 branch of the dungeon, and saw 2 of its levels.

You collected 86 gold pieces.

Inventory:

Hand Weapons
 a - a +0 quarterstaff (weapon)
Missiles
 d - 3 throwing nets (quivered)
 e - a javelin
Armour
 b - a +0 leather armour (worn)
 c - a +0 hat (worn)
Scrolls
 f - a scroll of fog {unknown}
 g - 2 scrolls of identify {unknown}
 i - a scroll of magic mapping {unknown}
 l - 3 scrolls of silence {unknown}
Potions
 h - a potion of attraction {unknown}
 j - a potion of cancellation {unknown}
 k - 2 potions of invisibility {unknown}


   Skills:
 + Level 2.2 Fighting
 * Level 3.7 Staves
 - Level 2.0 Throwing
 + Level 0.8 Armour
 + Level 3.5 Dodging


You had one spell level left.
You didn't know any spells.
Your spell library was empty.

Dungeon Overview and Level Annotations

Branches:
Dungeon (2/15)

Altars:


Innate Abilities, Weirdness & Mutations

You have a beak for a mouth.
You have claws for feet.


Message History

You barely miss the rat. You claw the rat.
You kill the rat!
No target in view!
l - 3 scrolls labelled BUVVEIFANG A frilled lizard comes into view.
A frilled lizard is nearby!
Found 6 stones.
The frilled lizard hisses angrily.
You miss the frilled lizard. The frilled lizard barely misses you.
You closely miss the frilled lizard. The frilled lizard closely misses you.
You barely miss the frilled lizard. Your kick misses the frilled lizard.
The frilled lizard completely misses you.
You sock the frilled lizard!
You kill the frilled lizard!
You now have 86 gold pieces (gained 12).
Found a stone staircase leading up.
A worm comes into view.
Found 5 stones.
A kobold and a bat come into view.
Found 13 gold pieces.
Found a stone staircase leading down.
The bat moves out of view.
You hit the worm but do no damage. You claw the worm. You peck the worm.
The worm is lightly wounded.
The worm closely misses you.
You hit the worm.
The worm is moderately wounded.
You hit the worm. Your kick misses the worm.
The worm is heavily wounded.
The worm bites you.
You hit the worm. Your kick misses the worm.
The worm is severely wounded.
The worm bites you!
Ouch! That really hurt!
* * * LOW HITPOINT WARNING * * *
The kobold throws a stone.
The stone completely misses you.
You are too injured to fight recklessly!
You thump the worm!
The worm is almost dead.
The worm bites you.
You die...

. # ####..##.#.##. ..
#. ###.# #...... . #.
#.###...#####.#.. #.
#.# #.............#<#
#.#..####...###########
...b...........#
#K.........!.#
#............#
#..!@w.......#
#............##
...............#
.#.#...........#
#...........(.#
#.#...........#
..>#..$........# ##
#...........


You could see a worm, a bat and a kobold.

Vanquished Creatures
  A ball python (D:2)
  An endoplasm (D:1)
  3 goblins (D:1)
  2 hobgoblins (D:1)
  A kobold (D:1)
  3 bats (D:1)
  2 frilled lizards
  2 rats
15 creatures vanquished.

Notes
Turn   | Place    | Note
-------+----------+-------------------------------------------
     0 | D:1      | boo the Tengu Gladiator began the quest for the Orb.
     0 | D:1      | Reached XP level 1. HP: 12/12 MP: 2/2
   288 | D:1      | Reached XP level 2. HP: 17/17 MP: 3/3
   388 | D:1      | Found a faded altar of an unknown god.
   804 | D:2      | Slain by a worm

Illustrated notes

Levels and vault maps discovered:
D:1:      nicolae_arrival_somewhat_less_tricky_arrival, layout_loops_ring,
          chequers_ecumenical_altar_twisty
D:2:      layout_basic, basic_altar, minmay_box_of_dots

Action                     || total
---------------------------++-------
  Melee: Quarterstaff      ||    27
         Kick              ||     8
         Peck              ||     2
 Armour: Leather armour    ||     3
  Dodge: Dodged            ||    19

Table legend: (Time is in decaauts)
 A = Elapsed time spent in this place.
 B = Non-inter-level travel time spent in this place.
 C = Inter-level travel time spent in this place.
 D = Time resting spent in this place.
 E = Time spent auto-exploring this place.
 F = Levels seen in this place.
 G = Mean time per level.
                   A        B        C        D        E       F      G
               +--------+--------+--------+--------+--------+-----+--------+
         Total |    806 |    784 |     22 |      0 |    679 |   2 |  403.0 |
       Dungeon |    806 |    784 |     22 |      0 |    679 |   2 |  403.0 |
               +--------+--------+--------+--------+--------+-----+--------+

Top non-repeatable levels by time:
     D:1: 642 daAuts
     D:2: 163 daAuts
